Griffins vs Heat
Created - June 11, 2023 at 21:19
Goals
|
| Griffins |
1 |
0 |
1 |
1 |
3 |
| Heat |
1 |
1 |
0 |
0 |
2 |
|
Shots
|
| Griffins |
8 |
15 |
13 |
4 |
40 |
| Heat |
7 |
19 |
6 |
12 |
44 |
|
1st period
1. Heat , Rasmus Andersson 2 (Ryan Spooner 2, Jesper Bratt 2) at 15:18
2. Griffins , Vladislav Namestnikov 2 (Joe Morrow 3, Martin Frk 2) at 16:16
Penalties :
Brendan Woods (Gra) for Tripping (Minor) at 7:31, Rasmus Andersson (Sto) for Hooking (Minor) at 17:07
2nd period
3. Heat , Matthew Nieto 4 (Victor Rask 4) at 5:20
Penalties :
No Penalty
3rd period
4. Griffins , Lucas Lessio 3 (Riley Armstrong 2, Tyler Bertuzzi 5) at 0:57 (PP)
Penalties :
Mathieu Brodeur (Sto) for Unsportsmanlike conduct (Minor) at 0:41, Frank Corrado (Sto) for Goalie Interference (Minor) at 18:41
Overtime #1
5. Griffins , Troy Terry 1 (Ryan Pulock 2) at 15:24 (PP)
Penalties :
Philip Varone (Sto) for Tripping (Minor) at 3:45, Frank Corrado (Sto) for Roughing (Minor) at 13:26
Goalie Stats
Ilya Samsonov (Gra), 42 saves from 44 shots - (0.955), W, 4-1-0, 75:24 minutes
Michael Hutchinson (Sto), 37 saves from 40 shots - (0.925), OTL, 1-3-1, 75:24 minutes
Players Stats for Griffins
Player Name G A P +/- PIM S H SB GA TA FO MP PP MP PK MP
------------------------------------------------------------------------------------
Brendan Woods 0 0 0 -2 2 2 2 0 0 1 4/12 22:02 3:33 0:00
Chris Bigras 0 0 0 0 0 2 2 0 0 0 0/0 25:23 3:18 1:08
Danny Kristo 0 0 0 -2 0 1 3 0 0 0 1/1 22:25 3:33 0:29
Dmitri Orlov 0 0 0 0 0 1 0 0 1 1 0/0 31:36 4:52 0:49
Ian McCoshen 0 0 0 -1 0 0 1 0 0 0 0/0 18:25 0:00 0:02
Joe Morrow 0 1 1 0 0 5 2 4 0 0 0/0 31:53 4:52 0:51
Lias Andersson 0 0 0 0 0 0 0 0 0 0 2/4 8:14 0:03 0:43
Lucas Lessio 1 0 1 1 0 6 3 0 0 0 0/0 22:49 3:56 0:58
Martin Frk 0 1 1 1 0 5 2 0 3 0 0/0 18:07 0:12 0:00
Riley Armstrong 0 1 1 0 0 6 6 1 0 2 21/35 25:30 3:40 0:29
Roope Hintz 0 0 0 -2 0 3 1 2 1 0 2/4 22:49 3:33 0:49
Ryan Lindgren 0 0 0 -1 0 0 0 0 0 0 0/0 18:08 0:00 0:00
Ryan Pulock 0 1 1 0 0 2 1 1 1 1 0/0 25:23 3:18 1:08
Sonny Milano 0 0 0 0 0 1 0 1 2 1 0/3 26:21 0:03 0:30
Tanner Kero 0 0 0 0 0 0 0 0 0 0 0/0 3:05 0:49 0:00
Troy Terry 1 0 1 0 0 1 0 0 0 0 0/0 9:36 1:12 0:00
Tyler Bertuzzi 0 1 1 0 0 1 2 3 1 0 1/3 25:19 3:56 0:00
Vladislav Namestnikov 1 0 1 1 0 4 5 1 0 0 4/9 17:55 0:00 0:00
Players Stats for Heat
Player Name G A P +/- PIM S H SB GA TA FO MP PP MP PK MP
------------------------------------------------------------------------------------
Barclay Goodrow 0 0 0 0 0 0 3 1 0 0 0/2 25:32 0:58 4:40
Brandon Hickey 0 0 0 0 0 3 2 0 0 1 0/0 13:49 0:00 1:58
Chris Brown 0 0 0 0 0 1 1 0 0 0 2/2 14:30 0:00 1:13
Christian Jaros 0 0 0 1 0 3 1 0 0 0 0/0 17:30 0:00 0:11
Dominik Masin 0 0 0 1 0 0 3 3 0 1 0/0 30:32 0:56 4:51
Evgeny Svechnikov 0 0 0 1 0 6 2 0 0 2 1/2 22:06 1:01 0:00
Frank Corrado 0 0 0 -1 4 1 1 0 0 0 0/0 23:11 0:56 1:12
Jesper Bratt 0 1 1 0 0 2 2 0 0 0 0/0 15:01 0:58 1:07
Mathieu Brodeur 0 0 0 -1 2 2 1 2 0 2 0/0 27:14 1:03 3:27
Matthew Nieto 1 0 1 1 0 5 1 1 3 0 2/3 24:41 1:01 2:11
Nico Sturm 0 0 0 0 0 4 2 0 1 0 1/3 10:35 0:00 0:00
Peter Cehlarik 0 0 0 0 0 1 1 1 0 0 0/0 22:01 0:00 1:32
Petteri Lindbohm 0 0 0 1 0 1 1 0 0 0 0/0 19:38 0:00 2:18
Philip Varone 0 0 0 0 2 2 3 0 0 1 13/22 24:53 0:58 3:59
Rasmus Andersson 1 0 1 1 2 3 1 2 1 2 0/0 30:46 1:03 3:16
Ryan Spooner 0 1 1 0 0 3 2 0 0 0 2/4 14:05 0:00 0:45
Tage Thompson 0 0 0 0 0 3 1 0 0 0 0/0 10:35 0:00 0:00
Victor Rask 0 1 1 1 0 4 0 0 1 0 15/33 22:06 1:01 0:00
3 Stars
1 - Ilya Samsonov (Gra)
2 - Vladislav Namestnikov (Gra)
3 - Lucas Lessio (Gra)
Power Play
Griffins - 2 on 5 Attempt(s) - 40.00%
Heat - 0 on 1 Attempt(s) - 0.00%
Penalty Kill
Griffins - 1 on 1 Attempt(s) - 100.00%
- Score 0 goal in Penalty Kill
Heat - 3 on 5 Attempt(s) - 60.00%
- Score 0 goal in Penalty Kill
Team Stat
Griffins - Hits : 30 - Faceoff Wins : 35 - Blocked Shots : 13 - Penalty Minutes : 2
Heat - Hits : 28 - Faceoff Wins : 36 - Blocked Shots : 10 - Penalty Minutes : 10
Official
Referees : Francois St. Laurent and Furman South
Linesman : Vaughan Rody and Jesse Marquis
Game Notes
No Game Note
Finance
Level 1 -- Attendance: 2000 (100.00%) -- Ticket Income $70,000
Level 2 -- Attendance: 1000 (100.00%) -- Ticket Income $15,000
Total Attendance: 3000 (100.00%)
Total Ticket Income: $85,000
Other Income: $4,250
Total Income: $89,250
Griffins
5 vs 5 Forward
Center Left Wing Right Wing Time % Phy DF OF
1 Riley Armstrong Sonny Milano Tyler Bertuzzi 40 1 2 2
2 Brendan Woods Roope Hintz Danny Kristo 30 1 2 2
3 Vladislav Namestnikov Lucas Lessio Martin Frk 20 1 2 2
4 Lias Andersson Sonny Milano Troy Terry 10 1 2 2
5 vs 5 Defense
Defense Defense Time % Phy DF OF
1 Joe Morrow Dmitri Orlov 40 1 2 2
2 Chris Bigras Ryan Pulock 30 1 2 2
3 Ryan Lindgren Ian McCoshen 20 1 2 2
4 Ryan Lindgren Ian McCoshen 10 1 2 2
PowerPlay Forward
Center Left Wing Right Wing Time % Phy DF OF
1 Riley Armstrong Lucas Lessio Tyler Bertuzzi 60 1 2 2
2 Brendan Woods Roope Hintz Danny Kristo 40 1 2 2
PowerPlay Defense
Defense Defense Time % Phy DF OF
1 Joe Morrow Dmitri Orlov 60 1 2 2
2 Chris Bigras Ryan Pulock 40 1 2 2
Penalty Kill 4 Players Forward
Center Wing Time % Phy DF OF
1 Brendan Woods Lucas Lessio 60 1 2 2
2 Riley Armstrong Danny Kristo 40 1 2 2
Penalty Kill 4 Players Defense
Defense Defense Time % Phy DF OF
1 Joe Morrow Ian McCoshen 60 1 2 2
2 Chris Bigras Ryan Pulock 40 1 2 2
Penalty Kill - 3 Players Forward
Forward Time % Phy DF OF
1 Brendan Woods 60 1 2 2
2 Riley Armstrong 40 1 2 2
Penalty Kill - 3 Players Defense
Defense Defense Time % Phy DF OF
1 Joe Morrow Ian McCoshen 60 1 2 2
2 Chris Bigras Ryan Pulock 40 1 2 2
4 vs 4 Forward
Center Wing Time % Phy DF OF
1 Tyler Bertuzzi Lucas Lessio 60 1 2 2
2 Riley Armstrong Danny Kristo 40 1 2 2
4 vs 4 Defense
Defense Defense Time % Phy DF OF
1 Joe Morrow Dmitri Orlov 60 1 2 2
2 Chris Bigras Ryan Pulock 40 1 2 2
Last Minutes Offensive
Center Left Wing Right Wing Defense Defense
Riley Armstrong Lucas Lessio Tyler Bertuzzi Joe Morrow Dmitri Orlov
Last Minutes Defensive
Center Left Wing Right Wing Defense Defense
Riley Armstrong Lucas Lessio Tyler Bertuzzi Joe Morrow Dmitri Orlov
Goaltenders
Starting : Ilya Samsonov
Backup : Adam Werner
Extra Forwards
Normal : Troy Terry, Tanner Kero, Lias Andersson - PP : Troy Terry, Tanner Kero - PK : Roope Hintz
Extra Defensemen
Normal : Dmitri Orlov, Ian McCoshen, Ryan Lindgren - PP : Ian McCoshen - PK : Ian McCoshen, Ryan Lindgren
Penalty Shots
Tyler Bertuzzi, Lucas Lessio, Riley Armstrong, Danny Kristo, Roope Hintz
Scratches
Nico Hischier (Healthy), Cody Glass (Healthy), Klim Kostin (Healthy), Morgan Barron (Healthy), Jack Studnicka (Healthy)
Greg McKegg (Healthy), Jack Ramsey (Healthy), Sebastian Ahaut (Healthy), Konrad Abeltshauser (Healthy), Michael Bunting (Healthy)
Conor Timmins (Healthy), Tomas Hyka (Healthy), Nick Swaney (Healthy), Marcus Hogberg (Healthy), Philippe Desrosiers (Healthy)
Heat
5 vs 5 Forward
Center Left Wing Right Wing Time % Phy DF OF
1 Victor Rask Matthew Nieto Evgeny Svechnikov 40 1 2 2
2 Philip Varone Peter Cehlarik Barclay Goodrow 30 1 2 2
3 Ryan Spooner Jesper Bratt Chris Brown 20 1 2 2
4 Nico Sturm Brandon Hickey Tage Thompson 10 1 2 2
5 vs 5 Defense
Defense Defense Time % Phy DF OF
1 Dominik Masin Rasmus Andersson 40 1 2 2
2 Mathieu Brodeur Frank Corrado 30 1 2 2
3 Petteri Lindbohm Christian Jaros 20 1 2 2
4 Mathieu Brodeur Rasmus Andersson 10 1 2 2
PowerPlay Forward
Center Left Wing Right Wing Time % Phy DF OF
1 Victor Rask Matthew Nieto Evgeny Svechnikov 60 1 2 2
2 Philip Varone Jesper Bratt Barclay Goodrow 40 1 2 2
PowerPlay Defense
Defense Defense Time % Phy DF OF
1 Mathieu Brodeur Rasmus Andersson 60 1 2 2
2 Dominik Masin Frank Corrado 40 1 2 2
Penalty Kill 4 Players Forward
Center Wing Time % Phy DF OF
1 Philip Varone Barclay Goodrow 60 1 2 2
2 Brandon Hickey Jesper Bratt 40 1 2 2
Penalty Kill 4 Players Defense
Defense Defense Time % Phy DF OF
1 Dominik Masin Rasmus Andersson 60 1 2 2
2 Mathieu Brodeur Frank Corrado 40 1 2 2
Penalty Kill - 3 Players Forward
Forward Time % Phy DF OF
1 Philip Varone 60 1 2 2
2 Victor Rask 40 1 2 2
Penalty Kill - 3 Players Defense
Defense Defense Time % Phy DF OF
1 Dominik Masin Rasmus Andersson 60 1 2 2
2 Mathieu Brodeur Frank Corrado 40 1 2 2
4 vs 4 Forward
Center Wing Time % Phy DF OF
1 Victor Rask Matthew Nieto 60 1 2 2
2 Philip Varone Evgeny Svechnikov 40 1 2 2
4 vs 4 Defense
Defense Defense Time % Phy DF OF
1 Mathieu Brodeur Rasmus Andersson 60 1 2 2
2 Dominik Masin Frank Corrado 40 1 2 2
Last Minutes Offensive
Center Left Wing Right Wing Defense Defense
Victor Rask Matthew Nieto Evgeny Svechnikov Dominik Masin Rasmus Andersson
Last Minutes Defensive
Center Left Wing Right Wing Defense Defense
Victor Rask Matthew Nieto Evgeny Svechnikov Mathieu Brodeur Rasmus Andersson
Goaltenders
Starting : Michael Hutchinson
Backup : Vitek Vanecek
Extra Forwards
Normal : Philip Varone, Jesper Bratt, Barclay Goodrow - PP : Peter Cehlarik, Tage Thompson - PK : Matthew Nieto
Extra Defensemen
Normal : Dominik Masin, Frank Corrado, Petteri Lindbohm - PP : Frank Corrado - PK : Dominik Masin, Petteri Lindbohm
Penalty Shots
Victor Rask, Matthew Nieto, Evgeny Svechnikov, Jesper Bratt, Philip Varone
Scratches
Skyler Brind'Amour (Healthy), Eric Karlsson (Healthy), Erik Brannstrom (Healthy), John Gilmour (Healthy), Darren Raddysh (Healthy)
Ryan Donato (Healthy), Ivan Chekhovich (Healthy), Trevor Carrick (Healthy), Vladislav Kamenev (Healthy), Taylor Raddysh (Healthy)
Radim Zohorna (Healthy), Collin Delia (Healthy)
% Time on Ice - Griffins
Lines # - Real PCT - Wanted PCT - Time Play
Normal Forward
1 - 33% - 40% - 21:27
2 - 28% - 30% - 18:29
3 - 27% - 20% - 17:55
4 - 11% - 10% - 7:24
Normal Defense
1 - 40% - 40% - 26:10
2 - 32% - 30% - 20:57
3 - 19% - 20% - 12:41
4 - 8% - 10% - 5:27
PP Forward
1 - 57% - 60% - 4:37
2 - 43% - 40% - 3:33
PP Defense
1 - 60% - 60% - 4:52
2 - 40% - 40% - 3:18
PK Forward
1 - 76% - 60% - 1:30
2 - 24% - 40% - 0:29
PK Defense
1 - 43% - 60% - 0:51
2 - 57% - 40% - 1:08
PK3 Forward
1 - 0% - 60%
2 - 0% - 40%
PK3 Defense
1 - 0% - 60%
2 - 0% - 40%
44 Forward
1 - 0% - 60%
2 - 0% - 40%
44 Defense
1 - 0% - 60%
2 - 0% - 40%
Last Minute Offensive - 0:00
Last Minute Defensive - 0:00
Total
Forward - 75:24
Defense - 75:24
|
% Time on Ice - Heat
Lines # - Real PCT - Wanted PCT - Time Play
Normal Forward
1 - 33% - 40% - 21:36
2 - 30% - 30% - 19:47
3 - 20% - 20% - 13:17
4 - 16% - 10% - 10:35
Normal Defense
1 - 38% - 40% - 24:43
2 - 31% - 30% - 20:13
3 - 26% - 20% - 16:58
4 - 5% - 10% - 3:21
PP Forward
1 - 51% - 60% - 1:01
2 - 49% - 40% - 0:58
PP Defense
1 - 53% - 60% - 1:03
2 - 47% - 40% - 0:56
PK Forward
1 - 86% - 60% - 7:03
2 - 14% - 40% - 1:07
PK Defense
1 - 60% - 60% - 4:56
2 - 40% - 40% - 3:14
PK3 Forward
1 - 0% - 60%
2 - 0% - 40%
PK3 Defense
1 - 0% - 60%
2 - 0% - 40%
44 Forward
1 - 0% - 60%
2 - 0% - 40%
44 Defense
1 - 0% - 60%
2 - 0% - 40%
Last Minute Offensive - 0:00
Last Minute Defensive - 0:00
Total
Forward - 75:24
Defense - 75:24
|
Play-by-Play
1st period
0:01 of 1st period - Riley Armstrong wins face-off versus Victor Rask in neutral zone.
0:04 of 1st period - Victor Rask is hit by Riley Armstrong and loses puck.
0:10 of 1st period - Off-side.
0:11 of 1st period - Brendan Woods wins face-off versus Barclay Goodrow in neutral zone.
0:18 of 1st period - Wrist shot by Roope Hintz.
0:18 of 1st period - Stopped by Michael Hutchinson with a rebound.
0:20 of 1st period - Snap shot by Chris Bigras.
0:20 of 1st period - Stopped by Michael Hutchinson with a rebound.
0:22 of 1st period - Wrist shot by Roope Hintz.
0:22 of 1st period - Shot Misses the Net.
0:36 of 1st period - Frank Corrado is hit by Lucas Lessio and loses puck.
1:07 of 1st period - Snap shot by Evgeny Svechnikov.
1:07 of 1st period - Shot Blocked by Tyler Bertuzzi.
2:41 of 1st period - Riley Armstrong is hit by Tage Thompson and loses puck.
3:13 of 1st period - Philip Varone is hit by Joe Morrow and loses puck.
3:24 of 1st period - Brendan Woods is hit by Chris Brown and loses puck.
3:39 of 1st period - Dominik Masin is hit by Ian McCoshen and loses puck.
4:02 of 1st period - Wrist shot by Victor Rask.
4:02 of 1st period - Deflect By Evgeny Svechnikov.
4:02 of 1st period - Shot Misses the Net.
4:02 of 1st period - Puck is out of play.
4:03 of 1st period - Victor Rask wins face-off versus Brendan Woods in Griffins zone.
4:20 of 1st period - Slapshot by Victor Rask.
4:20 of 1st period - Stopped by Ilya Samsonov without a rebound.
4:21 of 1st period - Riley Armstrong wins face-off versus Philip Varone in Griffins zone.
5:26 of 1st period - Icing by Sonny Milano.
5:27 of 1st period - Chris Brown wins face-off versus Lias Andersson in Griffins zone.
5:28 of 1st period - Snap shot by Ryan Spooner.
5:28 of 1st period - Shot Blocked by Sonny Milano.
5:30 of 1st period - Snap shot by Ryan Spooner.
5:30 of 1st period - Shot Misses the Net.
5:32 of 1st period - Wrist shot by Jesper Bratt.
5:32 of 1st period - Shot Misses the Net.
5:34 of 1st period - Slapshot by Mathieu Brodeur.
5:34 of 1st period - Stopped by Ilya Samsonov with a rebound.
6:45 of 1st period - Christian Jaros is hit by Vladislav Namestnikov and loses puck.
7:01 of 1st period - Icing by Christian Jaros.
7:02 of 1st period - Philip Varone wins face-off versus Riley Armstrong in Heat zone.
7:31 of 1st period - Minor Penalty to Brendan Woods for Tripping.
7:32 of 1st period - Roope Hintz wins face-off versus Victor Rask in Griffins zone.
7:59 of 1st period - Ryan Pulock is hit by Mathieu Brodeur and loses puck.
8:42 of 1st period - Joe Morrow is hit by Philip Varone and loses puck.
9:31 of 1st period - Penalty to Brendan Woods is over, Brendan Woods is back on ice.
10:02 of 1st period - Dominik Masin is hit by Martin Frk and loses puck.
10:32 of 1st period - Slapshot by Riley Armstrong.
10:32 of 1st period - Stopped by Michael Hutchinson with a rebound.
12:13 of 1st period - Riley Armstrong is hit by Philip Varone and loses puck.
12:51 of 1st period - Sonny Milano is hit by Peter Cehlarik and loses puck.
13:04 of 1st period - Jesper Bratt is hit by Lucas Lessio and loses puck.
13:33 of 1st period - Ryan Lindgren is hit by Brandon Hickey and loses puck.
14:49 of 1st period - Philip Varone is hit by Riley Armstrong and loses puck.
15:12 of 1st period - Snap shot by Ryan Spooner.
15:12 of 1st period - Stopped by Ilya Samsonov without a rebound.
15:13 of 1st period - Ryan Spooner wins face-off versus Brendan Woods in Griffins zone.
15:18 of 1st period - Slapshot by Rasmus Andersson.
15:18 of 1st period - Goal by Rasmus Andersson - Griffins : 0 - Heat : 1.
15:19 of 1st period - Riley Armstrong wins face-off versus Victor Rask in neutral zone.
15:30 of 1st period - Snap shot by Riley Armstrong.
15:30 of 1st period - Shot Blocked by Dominik Masin.
15:46 of 1st period - Danny Kristo is hit by Dominik Masin and loses puck.
16:10 of 1st period - Snap shot by Lucas Lessio.
16:10 of 1st period - Shot Misses the Net.
16:12 of 1st period - Snap shot by Martin Frk.
16:12 of 1st period - Shot Blocked by Mathieu Brodeur.
16:14 of 1st period - Slapshot by Joe Morrow.
16:14 of 1st period - Stopped by Michael Hutchinson with a rebound.
16:16 of 1st period - Wrist shot by Vladislav Namestnikov.
16:16 of 1st period - Goal by Vladislav Namestnikov - Griffins : 1 - Heat : 1.
16:17 of 1st period - Riley Armstrong wins face-off versus Victor Rask in neutral zone.
16:24 of 1st period - Snap shot by Matthew Nieto.
16:24 of 1st period - Stopped by Ilya Samsonov with a rebound.
16:26 of 1st period - Wrist shot by Evgeny Svechnikov.
16:26 of 1st period - Stopped by Ilya Samsonov without a rebound.
16:27 of 1st period - Riley Armstrong wins face-off versus Evgeny Svechnikov in Griffins zone.
16:42 of 1st period - Snap shot by Matthew Nieto.
16:42 of 1st period - Shot Misses the Net.
16:44 of 1st period - Wrist shot by Matthew Nieto.
16:44 of 1st period - Deflect By Evgeny Svechnikov.
16:44 of 1st period - Shot Misses the Net.
16:44 of 1st period - Puck is out of play.
16:45 of 1st period - Philip Varone wins face-off versus Roope Hintz in Griffins zone.
16:46 of 1st period - Snap shot by Barclay Goodrow.
16:46 of 1st period - Shot Hit the Post.
16:55 of 1st period - Slapshot by Joe Morrow.
16:55 of 1st period - Shot Blocked by Dominik Masin.
16:57 of 1st period - Wrist shot by Brendan Woods.
16:57 of 1st period - Stopped by Michael Hutchinson with a rebound.
17:07 of 1st period - Minor Penalty to Rasmus Andersson for Hooking.
17:08 of 1st period - Philip Varone wins face-off versus Riley Armstrong in Heat zone.
17:17 of 1st period - Backhand shot by Joe Morrow.
17:17 of 1st period - Stopped by Michael Hutchinson without a rebound.
17:18 of 1st period - Riley Armstrong wins face-off versus Barclay Goodrow in Heat zone.
17:23 of 1st period - Snap shot by Riley Armstrong.
17:23 of 1st period - Shot Misses the Net.
17:25 of 1st period - Snap shot by Lucas Lessio.
17:25 of 1st period - Stopped by Michael Hutchinson without a rebound.
17:26 of 1st period - Philip Varone wins face-off versus Riley Armstrong in Heat zone.
18:32 of 1st period - Brandon Hickey is hit by Lucas Lessio and loses puck.
19:07 of 1st period - Penalty to Rasmus Andersson is over, Rasmus Andersson is back on ice.
19:15 of 1st period - Snap shot by Troy Terry.
19:15 of 1st period - Shot Misses the Net.
19:23 of 1st period - Snap shot by Matthew Nieto.
19:23 of 1st period - Shot Misses the Net.
19:25 of 1st period - Slapshot by Christian Jaros.
19:25 of 1st period - Shot Misses the Net.
19:27 of 1st period - Snap shot by Matthew Nieto.
19:27 of 1st period - Stopped by Ilya Samsonov without a rebound.
19:28 of 1st period - Vladislav Namestnikov wins face-off versus Ryan Spooner in Griffins zone.
Goals for this period are 1 for Griffins vs 1 for Heat.
Shots for this period are 8 for Griffins vs 7 for Heat.
2nd period
0:01 of 2nd period - Victor Rask wins face-off versus Riley Armstrong in neutral zone.
0:26 of 2nd period - Philip Varone is hit by Brendan Woods and loses puck.
0:49 of 2nd period - Slapshot by Lucas Lessio.
0:49 of 2nd period - Stopped by Michael Hutchinson without a rebound.
0:50 of 2nd period - Vladislav Namestnikov wins face-off versus Victor Rask in Heat zone.
1:33 of 2nd period - Philip Varone is hit by Riley Armstrong and loses puck.
2:06 of 2nd period - Snap shot by Evgeny Svechnikov.
2:06 of 2nd period - Shot Misses the Net.
2:10 of 2nd period - Snap shot by Victor Rask.
2:10 of 2nd period - Stopped by Ilya Samsonov with a rebound.
2:12 of 2nd period - Snap shot by Evgeny Svechnikov.
2:12 of 2nd period - Stopped by Ilya Samsonov without a rebound.
2:13 of 2nd period - Philip Varone wins face-off versus Sonny Milano in Griffins zone.
2:42 of 2nd period - Icing by Dmitri Orlov.
2:43 of 2nd period - Victor Rask wins face-off versus Vladislav Namestnikov in Griffins zone.
2:50 of 2nd period - Snap shot by Ryan Pulock.
2:50 of 2nd period - Shot Misses the Net.
2:54 of 2nd period - Snap shot by Martin Frk.
2:54 of 2nd period - Stopped by Michael Hutchinson with a rebound.
2:56 of 2nd period - Slapshot by Martin Frk.
2:56 of 2nd period - Stopped by Michael Hutchinson without a rebound.
2:57 of 2nd period - Riley Armstrong wins face-off versus Matthew Nieto in Heat zone.
2:58 of 2nd period - Wrist shot by Tyler Bertuzzi.
2:58 of 2nd period - Stopped by Michael Hutchinson without a rebound.
2:59 of 2nd period - Victor Rask wins face-off versus Tyler Bertuzzi in Heat zone.
2:59 of 2nd period - Victor Rask is hit by Tyler Bertuzzi.
3:49 of 2nd period - Jesper Bratt is hit by Vladislav Namestnikov and loses puck.
4:10 of 2nd period - Slapshot by Petteri Lindbohm.
4:10 of 2nd period - Stopped by Ilya Samsonov without a rebound.
4:11 of 2nd period - Victor Rask wins face-off versus Lias Andersson in Griffins zone.
4:18 of 2nd period - Wrist shot by Matthew Nieto.
4:18 of 2nd period - Shot Misses the Net.
4:57 of 2nd period - Jesper Bratt is hit by Riley Armstrong and loses puck.
5:05 of 2nd period - Rasmus Andersson is hit by Riley Armstrong and loses puck.
5:16 of 2nd period - Wrist shot by Matthew Nieto.
5:16 of 2nd period - Stopped by Ilya Samsonov without a rebound.
5:17 of 2nd period - Victor Rask wins face-off versus Roope Hintz in Griffins zone.
5:20 of 2nd period - Snap shot by Matthew Nieto.
5:20 of 2nd period - Goal by Matthew Nieto - Griffins : 1 - Heat : 2.
5:21 of 2nd period - Riley Armstrong wins face-off versus Victor Rask in neutral zone.
5:24 of 2nd period - Slapshot by Joe Morrow.
5:24 of 2nd period - Stopped by Michael Hutchinson without a rebound.
5:25 of 2nd period - Victor Rask wins face-off versus Riley Armstrong in Heat zone.
5:40 of 2nd period - Snap shot by Evgeny Svechnikov.
5:40 of 2nd period - Stopped by Ilya Samsonov with a rebound.
6:12 of 2nd period - Wrist shot by Nico Sturm.
6:12 of 2nd period - Stopped by Ilya Samsonov with a rebound.
6:14 of 2nd period - Snap shot by Brandon Hickey.
6:14 of 2nd period - Stopped by Ilya Samsonov with a rebound.
6:16 of 2nd period - Wrist shot by Frank Corrado.
6:16 of 2nd period - Deflect By Martin Frk.
6:16 of 2nd period - Stopped by Ilya Samsonov without a rebound.
6:17 of 2nd period - Vladislav Namestnikov wins face-off versus Nico Sturm in Griffins zone.
6:24 of 2nd period - Brandon Hickey is hit by Vladislav Namestnikov and loses puck.
6:36 of 2nd period - Vladislav Namestnikov is hit by Brandon Hickey.
6:37 of 2nd period - Icing by Vladislav Namestnikov.
6:38 of 2nd period - Victor Rask wins face-off versus Vladislav Namestnikov in Griffins zone.
7:07 of 2nd period - Snap shot by Martin Frk.
7:07 of 2nd period - Stopped by Michael Hutchinson with a rebound.
7:09 of 2nd period - Slapshot by Ryan Pulock.
7:09 of 2nd period - Shot Blocked by Rasmus Andersson.
7:11 of 2nd period - Snap shot by Martin Frk.
7:11 of 2nd period - Shot Misses the Net.
7:15 of 2nd period - Snap shot by Martin Frk.
7:15 of 2nd period - Stopped by Michael Hutchinson with a rebound.
7:17 of 2nd period - Snap shot by Chris Bigras.
7:17 of 2nd period - Shot Blocked by Rasmus Andersson.
7:21 of 2nd period - Wrist shot by Martin Frk.
7:21 of 2nd period - Shot Misses the Net.
7:23 of 2nd period - Slapshot by Vladislav Namestnikov.
7:23 of 2nd period - Shot Blocked by Matthew Nieto.
7:25 of 2nd period - Slapshot by Ryan Pulock.
7:25 of 2nd period - Stopped by Michael Hutchinson with a rebound.
7:27 of 2nd period - Snap shot by Martin Frk.
7:27 of 2nd period - Deflect By Vladislav Namestnikov.
7:27 of 2nd period - Stopped by Michael Hutchinson with a rebound.
7:33 of 2nd period - Snap shot by Lucas Lessio.
7:33 of 2nd period - Stopped by Michael Hutchinson with a rebound.
7:43 of 2nd period - Snap shot by Lucas Lessio.
7:43 of 2nd period - Shot Misses the Net.
7:45 of 2nd period - Snap shot by Lucas Lessio.
7:45 of 2nd period - Shot Blocked by Dominik Masin.
7:47 of 2nd period - Slapshot by Vladislav Namestnikov.
7:47 of 2nd period - Stopped by Michael Hutchinson with a rebound.
7:49 of 2nd period - Slapshot by Martin Frk.
7:49 of 2nd period - Stopped by Michael Hutchinson without a rebound.
7:50 of 2nd period - Riley Armstrong wins face-off versus Philip Varone in Heat zone.
7:57 of 2nd period - Snap shot by Riley Armstrong.
7:57 of 2nd period - Stopped by Michael Hutchinson without a rebound.
7:58 of 2nd period - Philip Varone wins face-off versus Sonny Milano in Heat zone.
7:58 of 2nd period - Philip Varone is hit by Joe Morrow.
8:06 of 2nd period - Dmitri Orlov is hit by Philip Varone and loses puck.
8:18 of 2nd period - Riley Armstrong is hit by Barclay Goodrow and loses puck.
8:35 of 2nd period - Slapshot by Riley Armstrong.
8:35 of 2nd period - Stopped by Michael Hutchinson with a rebound.
9:15 of 2nd period - Wrist shot by Philip Varone.
9:15 of 2nd period - Shot Blocked by Joe Morrow.
9:41 of 2nd period - Wrist shot by Sonny Milano.
9:41 of 2nd period - Shot Misses the Net.
9:43 of 2nd period - Slapshot by Dmitri Orlov.
9:43 of 2nd period - Shot Misses the Net.
9:45 of 2nd period - Snap shot by Riley Armstrong.
9:45 of 2nd period - Stopped by Michael Hutchinson without a rebound.
9:46 of 2nd period - Victor Rask wins face-off versus Brendan Woods in Heat zone.
10:46 of 2nd period - Slapshot by Rasmus Andersson.
10:46 of 2nd period - Shot Misses the Net.
11:32 of 2nd period - Lias Andersson is hit by Matthew Nieto and loses puck.
12:23 of 2nd period - Icing by Dmitri Orlov.
12:24 of 2nd period - Ryan Spooner wins face-off versus Vladislav Namestnikov in Griffins zone.
12:27 of 2nd period - Snap shot by Jesper Bratt.
12:27 of 2nd period - Shot Blocked by Joe Morrow.
12:35 of 2nd period - Vladislav Namestnikov is hit by Rasmus Andersson and loses puck.
13:04 of 2nd period - Brendan Woods is hit by Christian Jaros and loses puck.
13:19 of 2nd period - Snap shot by Peter Cehlarik.
13:19 of 2nd period - Shot Misses the Net.
13:39 of 2nd period - Ian McCoshen is hit by Ryan Spooner and loses puck.
13:46 of 2nd period - Backhand shot by Jesper Bratt.
13:46 of 2nd period - Stopped by Ilya Samsonov without a rebound.
13:47 of 2nd period - Matthew Nieto wins face-off versus Brendan Woods in Griffins zone.
15:23 of 2nd period - Snap shot by Evgeny Svechnikov.
15:23 of 2nd period - Stopped by Ilya Samsonov without a rebound.
15:24 of 2nd period - Philip Varone wins face-off versus Riley Armstrong in Griffins zone.
15:51 of 2nd period - Snap shot by Victor Rask.
15:51 of 2nd period - Shot Blocked by Roope Hintz.
15:53 of 2nd period - Slapshot by Christian Jaros.
15:53 of 2nd period - Stopped by Ilya Samsonov without a rebound.
15:54 of 2nd period - Danny Kristo wins face-off versus Victor Rask in Griffins zone.
16:09 of 2nd period - Snap shot by Evgeny Svechnikov.
16:09 of 2nd period - Stopped by Ilya Samsonov without a rebound.
16:10 of 2nd period - Riley Armstrong wins face-off versus Philip Varone in Griffins zone.
17:16 of 2nd period - Snap shot by Rasmus Andersson.
17:16 of 2nd period - Stopped by Ilya Samsonov with a rebound.
17:44 of 2nd period - Dominik Masin is hit by Vladislav Namestnikov and loses puck.
17:55 of 2nd period - Chris Bigras is hit by Barclay Goodrow and loses puck.
18:06 of 2nd period - Snap shot by Barclay Goodrow.
18:06 of 2nd period - Shot Misses the Net.
18:08 of 2nd period - Slapshot by Barclay Goodrow.
18:08 of 2nd period - Shot Blocked by Vladislav Namestnikov.
18:10 of 2nd period - Snap shot by Philip Varone.
18:10 of 2nd period - Stopped by Ilya Samsonov without a rebound.
18:11 of 2nd period - Riley Armstrong wins face-off versus Victor Rask in Griffins zone.
18:28 of 2nd period - Snap shot by Victor Rask.
18:28 of 2nd period - Shot Misses the Net.
18:46 of 2nd period - Wrist shot by Tage Thompson.
18:46 of 2nd period - Shot Hit the Post.
18:48 of 2nd period - Slapshot by Tage Thompson.
18:48 of 2nd period - Stopped by Ilya Samsonov with a rebound.
18:50 of 2nd period - Snap shot by Nico Sturm.
18:50 of 2nd period - Stopped by Ilya Samsonov with a rebound.
19:00 of 2nd period - Danny Kristo is hit by Jesper Bratt and loses puck.
19:09 of 2nd period - Slapshot by Ian McCoshen.
19:09 of 2nd period - Shot Misses the Net.
19:25 of 2nd period - Snap shot by Evgeny Svechnikov.
19:25 of 2nd period - Stopped by Ilya Samsonov with a rebound.
19:27 of 2nd period - Slapshot by Petteri Lindbohm.
19:27 of 2nd period - Deflect By Victor Rask.
19:27 of 2nd period - Stopped by Ilya Samsonov with a rebound.
19:29 of 2nd period - Snap shot by Victor Rask.
19:29 of 2nd period - Shot Misses the Net.
Goals for this period are 0 for Griffins vs 1 for Heat.
Shots for this period are 15 for Griffins vs 19 for Heat.
3rd period
0:01 of 3rd period - Victor Rask wins face-off versus Riley Armstrong in neutral zone.
0:10 of 3rd period - Wrist shot by Victor Rask.
0:10 of 3rd period - Shot Misses the Net.
0:12 of 3rd period - Slapshot by Mathieu Brodeur.
0:12 of 3rd period - Shot Blocked by Tyler Bertuzzi.
0:14 of 3rd period - Slapshot by Mathieu Brodeur.
0:14 of 3rd period - Stopped by Ilya Samsonov with a rebound.
0:32 of 3rd period - Slapshot by Rasmus Andersson.
0:32 of 3rd period - Shot Blocked by Joe Morrow.
0:41 of 3rd period - Minor Penalty to Mathieu Brodeur for Unsportsmanlike conduct.
0:42 of 3rd period - Riley Armstrong wins face-off versus Philip Varone in Heat zone.
0:57 of 3rd period - Snap shot by Lucas Lessio.
0:57 of 3rd period - Goal by Lucas Lessio - Griffins : 2 - Heat : 2.
0:58 of 3rd period - Evgeny Svechnikov wins face-off versus Riley Armstrong in neutral zone.
1:00 of 3rd period - Off-side.
1:01 of 3rd period - Victor Rask wins face-off versus Sonny Milano in neutral zone.
1:08 of 3rd period - Wrist shot by Victor Rask.
1:08 of 3rd period - Shot Misses the Net.
1:10 of 3rd period - Wrist shot by Matthew Nieto.
1:10 of 3rd period - Shot Misses the Net.
2:16 of 3rd period - Wrist shot by Troy Terry.
2:16 of 3rd period - Deflect By Sonny Milano.
2:16 of 3rd period - Shot Misses the Net.
2:16 of 3rd period - Puck is out of play.
2:17 of 3rd period - Lias Andersson wins face-off versus Victor Rask in Heat zone.
2:26 of 3rd period - Lias Andersson is hit by Evgeny Svechnikov and loses puck.
2:31 of 3rd period - Snap shot by Matthew Nieto.
2:31 of 3rd period - Stopped by Ilya Samsonov without a rebound.
2:32 of 3rd period - Riley Armstrong wins face-off versus Victor Rask in Griffins zone.
2:40 of 3rd period - Off-side.
2:41 of 3rd period - Riley Armstrong wins face-off versus Victor Rask in neutral zone.
3:10 of 3rd period - Snap shot by Victor Rask.
3:10 of 3rd period - Stopped by Ilya Samsonov without a rebound.
3:11 of 3rd period - Philip Varone wins face-off versus Brendan Woods in Griffins zone.
4:03 of 3rd period - Slapshot by Sonny Milano.
4:03 of 3rd period - Shot Misses the Net.
4:05 of 3rd period - Wrist shot by Riley Armstrong.
4:05 of 3rd period - Stopped by Michael Hutchinson with a rebound.
4:07 of 3rd period - Slapshot by Chris Bigras.
4:07 of 3rd period - Deflect By Riley Armstrong.
4:07 of 3rd period - Shot Misses the Net.
4:07 of 3rd period - Puck is out of play.
4:08 of 3rd period - Brendan Woods wins face-off versus Victor Rask in Heat zone.
4:23 of 3rd period - Victor Rask is hit by Roope Hintz and loses puck.
4:38 of 3rd period - Riley Armstrong is hit by Dominik Masin and loses puck.
4:47 of 3rd period - Slapshot by Rasmus Andersson.
4:47 of 3rd period - Stopped by Ilya Samsonov without a rebound.
4:48 of 3rd period - Brendan Woods wins face-off versus Ryan Spooner in Griffins zone.
5:13 of 3rd period - Tyler Bertuzzi is hit by Evgeny Svechnikov.
5:33 of 3rd period - Snap shot by Philip Varone.
5:33 of 3rd period - Deflect By Peter Cehlarik.
5:33 of 3rd period - Stopped by Ilya Samsonov without a rebound.
5:34 of 3rd period - Philip Varone wins face-off versus Vladislav Namestnikov in Griffins zone.
5:43 of 3rd period - Snap shot by Vladislav Namestnikov.
5:43 of 3rd period - Stopped by Michael Hutchinson without a rebound.
5:44 of 3rd period - Riley Armstrong wins face-off versus Victor Rask in Heat zone.
5:45 of 3rd period - Wrist shot by Sonny Milano.
5:45 of 3rd period - Stopped by Michael Hutchinson without a rebound.
5:46 of 3rd period - Tyler Bertuzzi wins face-off versus Victor Rask in Heat zone.
5:47 of 3rd period - Slapshot by Sonny Milano.
5:47 of 3rd period - Shot Misses the Net.
5:49 of 3rd period - Snap shot by Dmitri Orlov.
5:49 of 3rd period - Stopped by Michael Hutchinson without a rebound.
5:50 of 3rd period - Riley Armstrong wins face-off versus Victor Rask in Heat zone.
5:57 of 3rd period - Matthew Nieto is hit by Tyler Bertuzzi and loses puck.
6:02 of 3rd period - Snap shot by Tyler Bertuzzi.
6:02 of 3rd period - Deflect By Sonny Milano.
6:02 of 3rd period - Shot Misses the Net.
6:02 of 3rd period - Puck is out of play.
6:03 of 3rd period - Victor Rask wins face-off versus Riley Armstrong in Heat zone.
6:25 of 3rd period - Rasmus Andersson is hit by Riley Armstrong.
7:15 of 3rd period - Frank Corrado is hit by Chris Bigras and loses puck.
7:48 of 3rd period - Icing by Ryan Lindgren.
7:49 of 3rd period - Philip Varone wins face-off versus Riley Armstrong in Griffins zone.
8:02 of 3rd period - Slapshot by Peter Cehlarik.
8:02 of 3rd period - Shot Misses the Net.
8:14 of 3rd period - Ryan Lindgren is hit by Ryan Spooner and loses puck.
8:45 of 3rd period - Snap shot by Roope Hintz.
8:45 of 3rd period - Shot Misses the Net.
10:44 of 3rd period - Petteri Lindbohm is hit by Danny Kristo and loses puck.
11:34 of 3rd period - Snap shot by Roope Hintz.
11:34 of 3rd period - Stopped by Michael Hutchinson without a rebound.
11:35 of 3rd period - Brendan Woods wins face-off versus Philip Varone in Heat zone.
11:48 of 3rd period - Snap shot by Roope Hintz.
11:48 of 3rd period - Stopped by Michael Hutchinson without a rebound.
11:49 of 3rd period - Riley Armstrong wins face-off versus Victor Rask in Heat zone.
12:16 of 3rd period - Barclay Goodrow is hit by Martin Frk and loses puck.
12:23 of 3rd period - Slapshot by Martin Frk.
12:23 of 3rd period - Shot Misses the Net.
12:25 of 3rd period - Slapshot by Ryan Pulock.
12:25 of 3rd period - Deflect By Philip Varone.
12:25 of 3rd period - Stopped by Michael Hutchinson with a rebound.
12:27 of 3rd period - Snap shot by Chris Bigras.
12:27 of 3rd period - Deflect By Philip Varone.
12:27 of 3rd period - Stopped by Michael Hutchinson with a rebound.
13:04 of 3rd period - Snap shot by Nico Sturm.
13:04 of 3rd period - Shot Blocked by Tyler Bertuzzi.
13:06 of 3rd period - Snap shot by Mathieu Brodeur.
13:06 of 3rd period - Shot Blocked by Riley Armstrong.
14:02 of 3rd period - Snap shot by Ryan Spooner.
14:02 of 3rd period - Stopped by Ilya Samsonov without a rebound.
14:03 of 3rd period - Riley Armstrong wins face-off versus Victor Rask in Griffins zone.
14:05 of 3rd period - Icing by Sonny Milano.
14:06 of 3rd period - Riley Armstrong wins face-off versus Victor Rask in Griffins zone.
14:35 of 3rd period - Slapshot by Philip Varone.
14:35 of 3rd period - Shot Blocked by Roope Hintz.
14:37 of 3rd period - Slapshot by Dominik Masin.
14:37 of 3rd period - Shot Misses the Net.
14:51 of 3rd period - Snap shot by Martin Frk.
14:51 of 3rd period - Shot Misses the Net.
14:53 of 3rd period - Snap shot by Lucas Lessio.
14:53 of 3rd period - Stopped by Michael Hutchinson with a rebound.
15:11 of 3rd period - Sonny Milano is hit by Nico Sturm and loses puck.
15:34 of 3rd period - Snap shot by Evgeny Svechnikov.
15:34 of 3rd period - Deflect By Matthew Nieto.
15:34 of 3rd period - Shot Blocked by Joe Morrow.
15:34 of 3rd period - Puck is out of play.
15:35 of 3rd period - Victor Rask wins face-off versus Brendan Woods in Griffins zone.
15:43 of 3rd period - Ian McCoshen is hit by Dominik Masin and loses puck.
18:41 of 3rd period - Minor Penalty to Frank Corrado for Goalie Interference.
18:42 of 3rd period - Riley Armstrong wins face-off versus Philip Varone in Heat zone.
18:45 of 3rd period - Wrist shot by Dmitri Orlov.
18:45 of 3rd period - Shot Misses the Net.
18:49 of 3rd period - Slapshot by Riley Armstrong.
18:49 of 3rd period - Stopped by Michael Hutchinson with a rebound.
18:51 of 3rd period - Slapshot by Joe Morrow.
18:51 of 3rd period - Shot Blocked by Mathieu Brodeur.
18:53 of 3rd period - Wrist shot by Joe Morrow.
18:53 of 3rd period - Stopped by Michael Hutchinson with a rebound.
18:55 of 3rd period - Slapshot by Joe Morrow.
18:55 of 3rd period - Deflect By Mathieu Brodeur.
18:55 of 3rd period - Stopped by Michael Hutchinson with a rebound.
19:46 of 3rd period - Rasmus Andersson is hit by Ryan Pulock and loses puck.
Goals for this period are 1 for Griffins vs 0 for Heat.
Shots for this period are 13 for Griffins vs 6 for Heat.
Overtime #1
0:01 of 1st overtime period - Riley Armstrong wins face-off versus Philip Varone in neutral zone.
0:41 of 1st overtime period - Penalty to Frank Corrado is over, Frank Corrado is back on ice.
0:59 of 1st overtime period - Wrist shot by Victor Rask.
0:59 of 1st overtime period - Deflect By Sonny Milano.
0:59 of 1st overtime period - Shot Misses the Net.
0:59 of 1st overtime period - Puck is out of play.
1:00 of 1st overtime period - Victor Rask wins face-off versus Tyler Bertuzzi in Griffins zone.
1:25 of 1st overtime period - Roope Hintz is hit by Jesper Bratt and loses puck.
1:36 of 1st overtime period - Ryan Spooner is hit by Brendan Woods and loses puck.
1:56 of 1st overtime period - Icing by Barclay Goodrow.
1:57 of 1st overtime period - Philip Varone wins face-off versus Riley Armstrong in Heat zone.
2:38 of 1st overtime period - Slapshot by Danny Kristo.
2:38 of 1st overtime period - Stopped by Michael Hutchinson without a rebound.
2:39 of 1st overtime period - Chris Brown wins face-off versus Vladislav Namestnikov in Heat zone.
3:18 of 1st overtime period - Snap shot by Vladislav Namestnikov.
3:18 of 1st overtime period - Shot Blocked by Peter Cehlarik.
3:30 of 1st overtime period - Snap shot by Vladislav Namestnikov.
3:30 of 1st overtime period - Shot Blocked by Barclay Goodrow.
3:40 of 1st overtime period - Backhand shot by Vladislav Namestnikov.
3:40 of 1st overtime period - Shot Misses the Net.
3:45 of 1st overtime period - Minor Penalty to Philip Varone for Tripping.
3:46 of 1st overtime period - Matthew Nieto wins face-off versus Brendan Woods in Heat zone.
3:46 of 1st overtime period - Matthew Nieto is hit by Danny Kristo.
5:45 of 1st overtime period - Penalty to Philip Varone is over, Philip Varone is back on ice.
5:55 of 1st overtime period - Wrist shot by Tage Thompson.
5:55 of 1st overtime period - Stopped by Ilya Samsonov without a rebound.
5:56 of 1st overtime period - Lias Andersson wins face-off versus Nico Sturm in Griffins zone.
6:19 of 1st overtime period - Snap shot by Peter Cehlarik.
6:19 of 1st overtime period - Shot Misses the Net.
6:21 of 1st overtime period - Snap shot by Philip Varone.
6:21 of 1st overtime period - Stopped by Ilya Samsonov without a rebound.
6:22 of 1st overtime period - Vladislav Namestnikov wins face-off versus Philip Varone in Griffins zone.
7:14 of 1st overtime period - Wrist shot by Jesper Bratt.
7:14 of 1st overtime period - Stopped by Ilya Samsonov with a rebound.
7:16 of 1st overtime period - Slapshot by Chris Brown.
7:16 of 1st overtime period - Stopped by Ilya Samsonov without a rebound.
7:17 of 1st overtime period - Philip Varone wins face-off versus Riley Armstrong in Griffins zone.
7:28 of 1st overtime period - Ryan Pulock is hit by Barclay Goodrow and loses puck.
7:57 of 1st overtime period - Wrist shot by Brendan Woods.
7:57 of 1st overtime period - Stopped by Michael Hutchinson with a rebound.
8:15 of 1st overtime period - Snap shot by Lucas Lessio.
8:15 of 1st overtime period - Stopped by Michael Hutchinson without a rebound.
8:16 of 1st overtime period - Philip Varone wins face-off versus Riley Armstrong in Heat zone.
8:45 of 1st overtime period - Matthew Nieto is hit by Danny Kristo and loses puck.
9:10 of 1st overtime period - Vladislav Namestnikov is hit by Frank Corrado and loses puck.
9:43 of 1st overtime period - Icing by Christian Jaros.
9:44 of 1st overtime period - Nico Sturm wins face-off versus Riley Armstrong in Heat zone.
10:08 of 1st overtime period - Snap shot by Nico Sturm.
10:08 of 1st overtime period - Stopped by Ilya Samsonov with a rebound.
10:10 of 1st overtime period - Snap shot by Christian Jaros.
10:10 of 1st overtime period - Stopped by Ilya Samsonov with a rebound.
10:12 of 1st overtime period - Backhand shot by Tage Thompson.
10:12 of 1st overtime period - Stopped by Ilya Samsonov with a rebound.
10:14 of 1st overtime period - Slapshot by Brandon Hickey.
10:14 of 1st overtime period - Stopped by Ilya Samsonov with a rebound.
10:16 of 1st overtime period - Snap shot by Nico Sturm.
10:16 of 1st overtime period - Stopped by Ilya Samsonov with a rebound.
10:18 of 1st overtime period - Wrist shot by Tage Thompson.
10:18 of 1st overtime period - Shot Misses the Net.
10:20 of 1st overtime period - Snap shot by Tage Thompson.
10:20 of 1st overtime period - Shot Misses the Net.
11:06 of 1st overtime period - Riley Armstrong is hit by Nico Sturm and loses puck.
11:29 of 1st overtime period - Petteri Lindbohm is hit by Chris Bigras and loses puck.
11:36 of 1st overtime period - Riley Armstrong is hit by Petteri Lindbohm and loses puck.
11:47 of 1st overtime period - Slapshot by Tage Thompson.
11:47 of 1st overtime period - Shot Blocked by Ryan Pulock.
11:51 of 1st overtime period - Backhand shot by Nico Sturm.
11:51 of 1st overtime period - Shot Misses the Net.
11:53 of 1st overtime period - Slapshot by Christian Jaros.
11:53 of 1st overtime period - Deflect By Riley Armstrong.
11:53 of 1st overtime period - Stopped by Ilya Samsonov with a rebound.
11:55 of 1st overtime period - Snap shot by Brandon Hickey.
11:55 of 1st overtime period - Stopped by Ilya Samsonov without a rebound.
11:56 of 1st overtime period - Victor Rask wins face-off versus Brendan Woods in Griffins zone.
12:23 of 1st overtime period - Rasmus Andersson is hit by Vladislav Namestnikov and loses puck.
12:42 of 1st overtime period - Slapshot by Ryan Spooner.
12:42 of 1st overtime period - Stopped by Ilya Samsonov with a rebound.
12:44 of 1st overtime period - Slapshot by Jesper Bratt.
12:44 of 1st overtime period - Shot Misses the Net.
13:26 of 1st overtime period - Minor Penalty to Frank Corrado for Roughing.
13:27 of 1st overtime period - Roope Hintz wins face-off versus Philip Varone in Heat zone.
15:24 of 1st overtime period - Snap shot by Troy Terry.
15:24 of 1st overtime period - Goal by Troy Terry - Griffins : 3 - Heat : 2.
Goals for this period are 1 for Griffins vs 0 for Heat.
Shots for this period are 4 for Griffins vs 12 for Heat.